 Dungeon Crawl Stone Soup version 0.27.1-37-g7b29ead8ac (console) character file.

Game seed: 5275109021851628031

18 grimtooth the Caller (level 2, -1/19 HPs)
             Began as a Barachi Summoner on Aug 17, 2023.
             Killed from afar by Natasha (9 damage)
             ... with a magic dart
             ... on level 2 of the Dungeon.
             The game lasted 00:05:07 (1344 turns).

grimtooth the Caller (Barachi Summoner)             Turns: 1344, Time: 00:05:07

Health: -1/19      AC:  2    Str:  9    XL:     2   Next: 66%
Magic:  1/5        EV: 12    Int: 15    God:
Gold:   64         SH:  0    Dex: 12    Spells: 3/6 levels left

rFire    . . .     SeeInvis .   e - +0 dagger
rCold    . . .     Faith    .   (no shield)
rNeg     . . .     Spirit   .   a - +0 robe
rPois    .         Reflect  .   (no helmet)
rElec    .         Harm     .   f - scarf {+Inv}
rCorr    .         Rampage  .   (no gloves)
Will     .....                  (no boots)
Stlth    ++........             (no amulet)
HPRegen  0.06/turn              (no ring)
MPRegen  0.09/turn              (no ring)

@: flying, very slightly contaminated, slowed, invisible, very slow
A: amphibious, slowness 1, strong legs 1, +LOS
a: Hop, Evoke Invisibility


You were on level 2 of the Dungeon.
You visited 1 branch of the dungeon, and saw 2 of its levels.

You collected 64 gold pieces.

Inventory:

Hand Weapons
 e - a +0 dagger (weapon)
Missiles
 i - 17 sling bullets
Armour
 a - a +0 robe (worn)
 f - a scarf of invisibility (worn)
Scrolls
 b - a scroll of identify {unknown}
 d - a scroll of teleportation {unknown}
 g - a scroll of immolation {unknown}
 h - a scroll of amnesia {unknown}
Potions
 j - a potion of heal wounds


   Skills:
 - Level 2.1 Dodging
 - Level 1.7 Stealth
 + Level 2.6 Spellcasting
 * Level 5.4 Summonings


You had 3 spell levels left.
You knew the following spells:

 Your Spells              Type           Power      Damage    Failure   Level
L - Summon Small Mammal   Summ           72%        N/A       2%          1
P - Call Imp              Summ           18%        N/A       3%          2

Your spell library contained the following spells:

 Spells                   Type           Power      Damage    Failure   Level
 Call Canine Familiar     Summ           18%        N/A       7%          3
 Summon Guardian Golem    Hex/Summ       10%        N/A       21%         3
 Summon Lightning Spire   Summ/Air       10%        N/A       56%         4


Dungeon Overview and Level Annotations

Branches:
Dungeon (2/15)

Altars:

Annotations:
D:1 exclusion: gnoll
D:2 Natasha


Innate Abilities, Weirdness & Mutations

You are amphibious.
You cover ground slowly.
You can hop short distances.
You have an extended range of vision and can be seen from far away.


Message History

Your white imp hits Natasha but does no damage.
You closely miss Natasha.
Natasha is moderately wounded.
Natasha claws you.
* * * LOW HITPOINT WARNING * * *
The adder closely misses your white imp.
The crimson imp hits your white imp.
Your white imp gestures at the crimson imp.
The puff of frost misses the crimson imp.
Natasha closely misses you. The adder bites your white imp.
Your white imp dies!
Your white imp disappears in a puff of smoke!
Enter note: - crap It was a potion of flight.
You feel very buoyant.
You fly up into the air.
The crimson imp disappears in a puff of smoke!
Natasha claws you.
* * * LOW HITPOINT WARNING * * *
It was a potion of invisibility.
You fade into invisibility!
Natasha stares at you and mumbles some strange words.
You feel as though you will be slow longer.
Natasha closely misses you.
You are very lightly contaminated with residual magic.
It was a potion of heal wounds.
You feel much better. Natasha claws you.
You closely miss Natasha.
Natasha is moderately wounded.
Natasha mumbles some strange words.
Natasha's front paws start to glow.
Natasha casts a spell at you. The magic dart hits you!
Natasha completely misses you.
Casting: Call Imp (safe; 3% risk of failure)
Confirm with . or Enter, or press ? or * to list all spells.
Natasha stares at you and mumbles some strange words.
The magic dart hits you!
You die...

#5#..# #.#...
#h##.# #5##.#
#.##.# #.##.#
#.##.########
#............
####S######## #h#
#@# #.# #r#
#.##########
#..........#
##########.#
##### #.#
#############...#
#.#
............'...#
#.#
#############...#
#.# #....'...#
#.#


You could see Natasha (ally target), an adder and a friendly rat (summoned).

Vanquished Creatures
  A jackal (D:1)
  A quokka (D:2)
2 creatures vanquished.

Vanquished Creatures (collateral kills)
  An adder (D:2)
  A ball python (D:2)
  4 endoplasms (D:1)
  A goblin (D:1)
  A hobgoblin (D:1)
  A jackal (D:1)
  A kobold (D:1)
  A quokka (D:1)
  2 bats (D:1)
  2 frilled lizards (D:1)
  A rat (D:1)
16 creatures vanquished.

Grand Total: 18 creatures vanquished

Notes
Turn   | Place    | Note
-------+----------+-------------------------------------------
     0 | D:1      | grimtooth the Barachi Summoner began the quest for the Orb.
     0 | D:1      | Reached XP level 1. HP: 13/13 MP: 3/3
   232 | D:1      | Reached skill level 5 in Summonings
   441 | D:1      | Reached XP level 2. HP: 19/19 MP: 0/5
   959 | D:2      | Learned a level 2 spell: Call Imp
  1321 | D:2      | Noticed Natasha
  1327 | D:2      | Noticed a crimson imp
  1328 | D:2      | Noticed a crimson imp
  1340 | D:2      | - crap
  1344 | D:2      | Killed from afar by Natasha

Illustrated notes

#5#..# #.#...
#h##.# #5##.#
#.##.# #.##.#
#.##.########
#...S........
####5######## #h#
#@# #.# #.#
#.##########
#..........#
##########.#
##### #.#
#############...#
#.#
............'...#
#.#
#############...#
#.# #....'...#
#.#


Turn 1340 on D:2: - crap

Levels and vault maps discovered:
D:1:      dpeg_arrival_arbitrary_b, layout_loops_ring
D:2:      layout_basic, uniq_natasha

Skill      XL: |  1 |
---------------+----+-----
Summonings     | 5 |  5.4
Dodging        | |  2.1
Stealth        | |  1.7
Spellcasting   | |  2.6

Action                   || total
-------------------------++-------
Melee: Unarmed           ||     2
       Dagger            ||    18
 Cast: Summon Small Mamm ||    33
       Call Imp          ||     5
  Use: Potion            ||     3
Armor: Robe              ||     5
Dodge: Dodged            ||    20
